 Dungeon Crawl Stone Soup version 0.29.0-11-gd7f09526c8 (webtiles) character file.

Game seed: 4780539108900256836

49 robertstho the Ruffian (level 3, -4/30 HPs)
             Began as a Vine Stalker Berserker on Sept 2, 2022.
             Was a Believer of Trog.
             Slain by a gnoll
             ... wielding a +2 halberd of protection
              (13 damage)
             ... on level 2 of the Dungeon.
             The game lasted 00:01:57 (2066 turns).

robertstho the Ruffian (Vine Stalker Berserker)     Turns: 2066, Time: 00:01:58

Health: -4/30      AC:  2    Str: 21    XL:     3   Next: 77%
Magic:  0/4        EV: 12    Int:  7    God:    Trog [**....]
Gold:   24         SH:  0    Dex: 13    Spells: 2/2 levels left

rFire   . . .      SeeInvis .     - Unarmed
rCold   . . .      Faith    .   (no shield)
rNeg    . . .      Spirit   +   a - +0 animal skin
rPois   .          Reflect  .   (no helmet)
rElec   .          Harm     .   (no cloak)
rCorr   .          Rampage  .   (no gloves)
Will    .....                   (no boots)
Stlth   ..........              (no amulet)
HPRegen 0.10/turn               (no ring)
MPRegen 0.09/turn               (no ring)

@: berserking, very quick
A: fangs 2, magic shield, antimagic bite, no potion heal 2
a: Renounce Religion, Berserk, Trog's Hand


You were on level 2 of the Dungeon.
You worshipped Trog.
Trog was pleased with you.
You visited 1 branch of the dungeon, and saw 2 of its levels.

You collected 74 gold pieces.
You spent 50 gold pieces at shops.

Inventory:

Armour
 a - a +0 animal skin (worn)
Scrolls
 c - a scroll of immolation
 e - a scroll of poison {unknown}
 f - a scroll of teleportation
 g - a scroll of amnesia {unknown}
Potions
 b - a potion of berserk rage {unknown}
 d - 2 potions of curing
 h - a potion of attraction {unknown}
 i - a potion of brilliance {unknown}
 j - a potion of degeneration {unknown}


   Skills:
 * Level 3.2 Fighting
 * Level 2.1 Armour
 + Level 1.7 Dodging
 + Level 0.4 Stealth
 + Level 3.5 Unarmed Combat


You had 2 spell levels left.
You didn't know any spells.
Your spell library was empty.

Dungeon Overview and Level Annotations

Branches:
Dungeon (2/15)

Altars:

Shops:
D:1 ([?=[


Innate Abilities, Weirdness & Mutations

You have extremely sharp teeth.
When hurt, damage is shared between your health and your magic reserves.
Your bite disrupts and absorbs the magic of your enemies.
Potions cannot restore your health.


Message History

A gnoll is nearby!
A gnoll is nearby!
A gnoll is nearby!
A gnoll is nearby!
A gnoll comes into view. It is wielding a +0 spear.
Found an amethyst potion.
A gnoll comes into view.
It is wielding a +2 halberd of protection.
The gnoll shouts!
You hear a shout!
You closely miss the gnoll.
The gnoll shouts!
You bite the gnoll. You drain its power.
The gnoll is lightly wounded.
A gnoll comes into view. It is wielding a +0 whip.
You closely miss the gnoll.
The gnoll is lightly wounded.
The gnoll hits you but does no damage.
You barely miss the gnoll. You bite the gnoll. You drain its power.
The gnoll is severely wounded.
The gnoll misses you. The gnoll hits you with a +0 flail!
A red film seems to cover your vision as you go berserk!
You feel yourself moving faster!
You feel mighty! The gnoll barely misses you.
You barely miss the gnoll.
The gnoll is severely wounded.
You hit the gnoll.
You kill the gnoll!
Trog accepts your kill. The gnoll closely misses you.
The gnoll hits you from afar with a +0 spear.
The gnoll closely misses you. The gnoll hits you with a +0 spear.
You see here a +0 flail.
You completely miss the gnoll. You bite the gnoll. You drain its power.
You feel invigorated.
The gnoll is lightly wounded.
You hit the gnoll. Your bite misses the gnoll.
The gnoll is lightly wounded.
The gnoll hits you with a +0 whip.
* * * LOW HITPOINT WARNING * * *
The gnoll hits you with a +2 halberd of protection!
You die...

...#.....####.....##.#......#....
............#.######.#......#....
...........).........#......+....
###.........#..##...........#....
..........................###....
###.........##.#.................
......#######.#..........###....
........ #.#.#........# #....
....... ...##+#@#........# #....
......ggg........# ###..
##...............# #..
#...............# #..
#...........#.#.# .#
#.!.........#.##. #...........#
#............# #............#


You could see 3 gnolls.

Vanquished Creatures
  A gnoll (D:2)
  A worm (D:2)
  A ball python (D:2)
  5 endoplasms
  2 giant cockroaches
  3 hobgoblins
  2 jackals (D:1)
  2 quokkas
  5 bats (D:1)
  A frilled lizard (D:1)
  4 goblins
  2 kobolds
  6 rats (D:1)
35 creatures vanquished.

Notes
Turn   | Place    | Note
-------+----------+-------------------------------------------
     0 | D:1      | robertstho the Vine Stalker Berserker began the quest for
                  | the Orb.
     0 | D:1      | Reached XP level 1. HP: 11/11 MP: 2/2
    30 | D:1      | Found a faded altar of an unknown god.
   109 | D:1      | Found Todenlar's Jewellery Emporium.
   415 | D:1      | Found Cuarhel's Antique Armour Emporium.
   608 | D:1      | Found Byupugy's Magic Scroll Emporium.
   611 | D:1      | Bought a scroll of identify for 20 gold pieces
   611 | D:1      | Bought a scroll of teleportation for 30 gold pieces
   613 | D:1      | Found Heidoocaresu's Armour Shop.
   648 | D:1      | Reached XP level 2. HP: 13/16 MP: 3/3
  1177 | D:1      | Found Xuic's Antique Weapon Boutique.
  1223 | D:1      | Reached XP level 3. HP: 20/20 MP: 4/4
  1505 | D:2      | Reached ** piety under Trog
  2066 | D:2      | Slain by a gnoll

Illustrated notes

Levels and vault maps discovered:
D:1:      heliophobic_arrival_dark_side_of_the_moon, layout_basic,
          ebering_ecumenical_altar_hall, serial_shops, nicolae_shop_trees, shop,
          nicolae_shop_advertising_works [nicolae_subvault_shop_adworks], shop,
          nicolae_square_shop
D:2:      layout_basic, grunt_decor_clamped

Skill      XL: |  1  2 |
---------------+-------+-----
Fighting       | 3 |  3.2
Armour         | 2 |  2.1
Dodging        | |  1.7
Stealth        | |  0.4
Unarmed Combat | |  3.5

Action                   || total
-------------------------++-------
Melee: Unarmed           ||    93
       Bite              ||    17
Invok: Berserk           ||     3
  Use: Scroll            ||     2
 Stab: Sleeping          ||     4
Armor: Animal skin       ||    14
Dodge: Dodged            ||    61
